Map: Abyssal Reef LE

Players

BLY - Winner!

  • Race: Zerg Zerg
  • Spawn Location: 11:00

Silky

  • Race: Zerg Zerg
  • Spawn Location: 5:00

Event: WCS Austin 2017

VOD

Have the link to the VOD?

Description

Time

  • Played on: April 28, 2017, 1:30 p.m.
  • Length: 23:00

All games in this series

Show
View Real Time Build Order
Export as new Build Order

BLY Zerg - Winner!

Build Orders: Pool First 

Get SALT Encoding   

  12  0:01  Drone  
  13  0:12  Overlord  
  13  0:17  Drone  
  14  0:31  Drone x2  
  16  0:41  Spawning Pool  
  15  0:46  Drone  
  15  0:49  Drone  
  17  1:09  Hatchery  
  16  1:13  Drone  
  16  1:17  Extractor  
  16  1:28  Zergling x4  
  16  1:29  Zergling x2  
  19  1:33  Queen  
  21  1:41  Overlord  
  21  1:50  Drone  
  22  2:04  Drone  
  23  2:09  Queen  
  23  2:12  Drone  
  26  2:19  Metabolic Boost  
  26  2:22  Queen  
  28  2:34  Drone x3  
  28  2:35  Drone  
  32  2:42  Overlord  
  29  2:56  Zergling x6, Spine Crawler  
  31  3:03  Queen  
  33  3:08  Drone x2  
  35  3:17  Zergling x2  
  35  3:18  Zergling x2  
  37  3:23  Drone x2  
  39  3:31  Zergling x8  
  40  3:36  Drone x3  
  40  3:38  Drone  
  44  3:47  Overlord  
  43  3:56  Hatchery  
  43  4:00  Drone  
  43  4:05  Extractor  
  43  4:07  Roach Warren  
  43  4:09  Overlord  
  41  4:14  Drone  
  41  4:15  Drone  
  43  4:23  Drone x2  
  44  4:30  Zergling x8  
  44  4:31  Zergling x2  
  46  4:38  Overlord  
  45  4:46  Zergling x10  
  45  4:51  Drone  
  45  4:52  Drone  
  52  4:53  Drone, Evolution Chamber  
  52  4:59  Drone x2  
  54  5:02  Lair  
  54  5:13  Drone x3  
  57  5:18  Drone x2  
  57  5:21  Extractor  
  56  5:30  Roach  
  56  5:31  Roach x5  
  56  5:34  Roach  
  65  5:47  Roach x5  
  65  5:48  Zerg Missile Weapons Level 1  
  73  5:52  Drone  
  73  5:53  Drone  
  74  6:01  Glial Reconstitution  
  74  6:22  Overlord x2  
  74  6:24  Overseer  
  74  6:41  Overlord  
  74  6:44  Drone x10  
  74  6:45  Overlord x2  
  84  6:47  Extractor  
  84  6:48  Drone x4, Extractor  
  84  6:49  Drone x2  
  84  6:50  Drone x2  
  84  6:51  Overlord  
  90  6:56  Spire, Extractor  
  90  6:59  Drone x2  
  90  7:11  Overlord  
  88  7:31  Drone x5  
  88  7:34  Roach x3  
  88  7:35  Roach x4  
  107  7:40  Hatchery  
  107  7:41  Drone x3  
  107  7:42  Drone x2  
  111  7:46  Overlord  
  111  7:47  Zerg Missile Weapons Level 2  
  111  7:52  Overseer  
  111  8:01  Overlord  
  111  8:09  Mutalisk x7  
  111  8:10  Unknown  
  125  8:23  Overlord  
  125  8:24  Drone, Overlord  
  125  8:25  Tunneling Claws  
  125  8:26  Burrow  
  126  8:33  Roach x6  
  138  8:40  Overlord  
  138  8:55  Infestation Pit  
  138  8:57  Roach x2  
  138  8:58  Roach x8  
  157  9:07  Overlord  
  157  9:09  Roach  
  167  9:10  Roach x4  
  167  9:12  Overlord x3  
  167  9:20  Overseer  
  167  9:37  Roach x3  
  167  9:38  Roach x11  
  195  9:44  Overlord  
  195  9:54  Overlord x2  
  195  10:11  Overlord  
  193  10:25  Roach x15  
  185  10:28  Roach x3  
  185  10:29  Roach x3  
  185  10:31  Roach  
  185  10:35  Roach x3  
  175  10:38  Roach  
  175  10:39  Roach x11  
  197  10:43  Roach x2  
  197  10:48  Roach x9  
  181  10:52  Infestor x3  
  187  11:00  Infestor x3  
  187  11:01  Infestor  
  187  11:04  Roach  
  185  11:14  Extractor  
  185  11:16  Extractor  
  185  11:17  Roach x2  
  185  11:18  Spine Crawler x2  
  181  11:19  Spine Crawler  
  181  11:21  Overseer  
  180  11:28  Zerg Ground Armor Level 1  
  160  11:48  Drone x6  
  160  11:49  Roach  
  160  11:50  Roach x6  
  160  11:52  Ravager x5  
  160  11:53  Ravager x3  
  160  11:54  Drone x3  
  191  11:58  Spine Crawler  
  191  12:00  Spine Crawler  
  191  12:01  Spine Crawler  
  188  12:03  Ravager x3  
  188  12:06  Infestor  
  188  12:07  Infestor x5  
  188  12:08  Infestor  
  191  12:09  Roach x4  
  191  12:12  Spine Crawler x2  
  191  12:13  Spine Crawler  
  194  12:21  Roach x7  
  190  12:23  Roach x3  
  190  12:30  Unknown x2  
  190  12:31  Unknown x2  
  190  12:33  Roach x5  
  200  12:50  Hive  
  200  12:51  Overlord  
  200  12:58  Baneling Nest  
  199  12:59  Spore Crawler  
  199  13:00  Drone  
  199  13:04  Roach x18  
  200  13:06  Spore Crawler  
  200  13:10  Hatchery  
  198  13:16  Overlord  
  196  13:33  Roach x4  
  152  13:51  Hydralisk Den  
  152  13:55  Roach x18  
  179  14:07  Greater Spire  
  180  14:10  Ravager x5  
  180  14:11  Spore Crawler  
  180  14:12  Spine Crawler  
  180  14:13  Roach x9  
  200  14:17  Spine Crawler  
  200  14:18  Evolution Chamber  
  200  14:22  Muscular Augments  
  200  14:24  Zerg Missile Weapons Level 3  
  196  14:26  Overseer  
  196  14:28  Overseer x4  
  196  14:37  Drone x3  
  199  14:50  Zerg Melee Weapons Level 1  
  199  14:51  Extractor  
  199  14:52  Extractor  
  197  14:56  Roach x7  
  197  15:00  Corruptor  
  197  15:09  Unknown x3  
  189  15:17  Corruptor x3  
  189  15:18  Corruptor  
  193  15:45  Pneumatized Carapace, Corruptor  
  193  15:49  Brood Lord x4  
  195  15:50  Drone x2, Brood Lord  
  195  15:51  Drone  
  196  16:26  Brood Lord  
  196  16:30  Roach x5  
  198  16:33  Zerg Flyer Weapons Level 1  
  198  16:36  Roach x2  
  198  16:43  Hydralisk  
  199  16:57  Spore Crawler  
  194  17:04  Corruptor x3  
  194  17:07  Zerg Ground Armor Level 2  
  184  17:34  Hydralisk  
  184  17:35  Hydralisk x7  
  196  17:49  Hydralisk x6  
  186  18:10  Hydralisk x2  
  186  18:11  Hydralisk x6  
  198  18:17  Ravager  
  198  18:18  Ravager  
  200  18:25  Zerg Melee Weapons Level 2  
  178  18:37  Infestor x2  
  175  19:00  Overseer x5  
  167  19:12  Overlord  
  167  19:15  Ultralisk Cavern  
  166  19:17  Corruptor x10  
  186  19:37  Brood Lord x3  
  192  19:42  Roach  
  192  19:45  Hatchery  
  191  19:46  Zerg Ground Armor Level 3  
  191  19:50  Roach x4, Brood Lord x3  
  191  19:51  Brood Lord  
  198  20:10  Chitinous Plating  
  190  20:17  Brood Lord x2  
  190  20:18  Brood Lord x2  
  190  20:20  Hatchery  
  195  20:25  Brood Lord  
  197  20:29  Brood Lord  
  197  20:32  Extractor x2  
  197  20:34  Overseer  
  197  21:22  Drone  
  195  21:51  Spore Crawler  
  193  21:57  Spine Crawler  
  192  22:13  Drone x2  
  192  22:14  Drone  
  193  22:29  Spine Crawler  
Show
View Real Time Build Order
Export as new Build Order

Silky Zerg 

Build Orders: Pool First, Lurkers 

Get SALT Encoding   

  12  0:00  Drone  
  13  0:12  Overlord  
  13  0:17  Drone  
  14  0:31  Drone x2  
  14  0:34  Drone  
  17  0:45  Extractor  
  17  0:46  Drone  
  17  0:51  Spawning Pool  
  17  0:55  Drone  
  17  1:06  Drone  
  18  1:19  Hatchery  
  18  1:22  Drone  
  18  1:32  Drone  
  19  1:38  Queen  
  21  1:41  Zergling x2  
  22  1:48  Metabolic Boost  
  22  1:54  Overlord  
  22  2:07  Drone, Baneling Nest  
  22  2:13  Drone  
  23  2:23  Drone  
  23  2:26  Queen  
  26  2:31  Drone  
  26  2:36  Zergling x2  
  24  2:45  Zergling x4  
  24  2:46  Zergling x2  
  24  2:51  Drone x2  
  27  2:55  Drone  
  27  3:01  Drone  
  28  3:06  Overlord  
  28  3:24  Queen  
  28  3:26  Drone x2  
  32  3:30  Drone x2  
  32  3:33  Drone  
  33  3:34  Drone  
  33  3:35  Drone  
  33  3:39  Overlord  
  35  3:51  Zergling x2  
  35  3:58  Zergling x6  
  35  3:59  Zergling x2  
  39  4:03  Drone  
  39  4:07  Drone x3  
  43  4:10  Drone  
  43  4:13  Baneling x2  
  43  4:15  Overlord  
  44  4:26  Drone x2  
  43  4:33  Drone  
  43  4:34  Drone  
  43  4:38  Drone x4  
  48  4:41  Hatchery  
  48  4:43  Drone x2  
  49  4:46  Baneling  
  49  4:47  Baneling  
  49  4:48  Drone  
  49  4:52  Extractor  
  49  4:54  Roach Warren, Zergling x2  
  49  4:57  Baneling x2  
  49  4:59  Zergling x2  
  50  5:05  Zergling x2  
  50  5:07  Queen  
  50  5:09  Evolution Chamber  
  50  5:10  Overlord  
  50  5:11  Drone  
  51  5:16  Zergling x2  
  51  5:19  Overlord  
  51  5:30  Zergling x12  
  55  5:41  Roach x2, Zerg Missile Weapons Level 1  
  56  5:46  Roach x3  
  56  5:49  Baneling  
  61  5:52  Drone  
  62  5:57  Drone x2  
  62  5:58  Baneling  
  62  6:02  Lair  
  64  6:04  Extractor  
  64  6:05  Drone x2  
  64  6:06  Queen  
  64  6:08  Drone  
  64  6:10  Extractor  
  67  6:13  Drone  
  67  6:15  Drone  
  67  6:17  Drone  
  68  6:19  Roach x2  
  72  6:27  Overlord  
  72  6:30  Overlord  
  72  6:36  Overlord  
  72  6:37  Drone  
  73  6:44  Drone  
  73  6:45  Drone x3  
  73  6:46  Drone  
  77  6:47  Drone x2  
  79  6:54  Roach x2  
  79  6:55  Drone x3  
  79  6:56  Drone  
  79  6:58  Roach x2  
  91  7:02  Roach  
  91  7:03  Glial Reconstitution  
  95  7:08  Roach x2  
  95  7:12  Overlord  
  96  7:17  Roach  
  96  7:21  Overlord  
  95  7:24  Queen  
  95  7:25  Unknown  
  97  7:31  Overlord, Extractor  
  97  7:32  Roach x5, Extractor  
  105  7:38  Zerg Missile Weapons Level 2, Overlord x2  
  105  7:40  Drone x2  
  105  7:41  Drone x2  
  105  7:43  Roach  
  111  7:49  Roach  
  114  7:53  Roach x2  
  114  7:55  Overseer  
  114  7:57  Roach  
  120  8:03  Overlord  
  120  8:04  Drone x3  
  123  8:06  Drone x2, Hydralisk Den  
  123  8:07  Drone, Extractor  
  123  8:16  Drone x2, Spore Crawler  
  123  8:17  Drone x3  
  123  8:18  Spore Crawler  
  126  8:20  Spore Crawler  
  126  8:22  Roach x2  
  126  8:27  Spore Crawler  
  128  8:30  Roach x3  
  128  8:31  Unknown  
  128  8:32  Roach  
  128  8:33  Overseer  
  136  8:34  Overlord  
  136  8:36  Overlord  
  136  8:42  Muscular Augments, Overlord  
  136  8:48  Overlord  
  136  8:54  Hydralisk x4, Spore Crawler  
  143  8:58  Hydralisk  
  143  9:00  Spore Crawler  
  143  9:01  Hydralisk  
  146  9:06  Hydralisk x2  
  150  9:10  Overlord x2  
  150  9:14  Overlord  
  150  9:18  Overlord x2  
  150  9:27  Overlord x2  
  150  9:32  Unknown  
  150  9:34  Hydralisk x5  
  150  9:37  Drone x2  
  162  9:42  Infestation Pit  
  161  9:49  Overlord  
  161  9:50  Drone x2  
  161  9:54  Spore Crawler  
  160  10:01  Overlord  
  160  10:02  Drone x2, Burrow  
  160  10:03  Drone  
  160  10:04  Roach x4  
  171  10:08  Roach x2  
  171  10:09  Roach  
  177  10:19  Infestor x4  
  183  10:25  Roach x4  
  185  10:30  Roach x3  
  185  10:33  Roach  
  172  10:39  Roach x4  
  176  10:44  Overseer  
  176  10:49  Roach x5  
  182  10:52  Roach  
  182  10:54  Roach  
  186  10:57  Drone  
  186  10:58  Drone  
  186  10:59  Roach  
  186  11:01  Roach x2  
  192  11:06  Roach x2  
  192  11:08  Overseer x2  
  192  11:10  Roach  
  197  11:12  Spine Crawler  
  196  11:22  Ravager x2  
  198  11:28  Hatchery  
  198  11:30  Queen  
  198  11:32  Spine Crawler  
  198  11:39  Roach  
  200  11:49  Spine Crawler  
  195  12:22  Roach x8  
  177  12:23  Roach x9  
  177  12:27  Roach x28  
  183  12:32  Hydralisk x3  
  186  12:40  Hydralisk x3  
  186  12:41  Hydralisk  
  186  12:43  Lurker Den  
  194  12:46  Overseer  
  194  12:49  Roach x2  
  194  12:50  Zerg Ground Armor Level 1  
  199  12:51  Ravager x2  
  199  12:53  Drone, Spine Crawler  
  199  12:54  Spine Crawler  
  199  12:55  Drone  
  199  12:56  Drone, Extractor x2  
  199  13:01  Pneumatized Carapace  
  199  13:03  Drone  
  200  13:17  Overlord  
  194  13:33  Roach x5  
  200  13:36  Overlord  
  193  13:42  Roach, Hydralisk x2  
  199  13:50  Overlord  
  199  13:51  Overseer  
  199  14:03  Hive  
  199  14:04  Spire  
  199  14:06  Drone x3, Spine Crawler  
  200  14:36  Spore Crawler x8  
  200  14:37  Spore Crawler  
  200  14:38  Lurker x7  
  195  14:39  Lurker x3, Spore Crawler  
  195  14:40  Hatchery  
  209  14:52  Spine Crawler  
  208  14:59  Unknown x4  
  208  15:00  Unknown  
  208  15:03  Unknown x2  
  208  15:16  Greater Spire  
  208  15:18  Zerg Missile Weapons Level 3  
  200  15:53  Spine Crawler x2  
  200  15:57  Corruptor x2  
  196  16:07  Spine Crawler  
  196  16:09  Spine Crawler  
  196  16:10  Drone x3  
  197  16:12  Corruptor  
  197  16:19  Corruptor x2  
  195  16:28  Corruptor x3  
  199  16:37  Corruptor  
  199  16:43  Zerg Flyer Weapons Level 1  
  199  16:46  Corruptor x2  
  199  16:52  Hatchery  
  188  17:16  Corruptor x2  
  188  17:17  Corruptor x6  
  180  17:24  Drone x2  
  180  17:25  Drone x4  
  170  17:30  Drone x2  
  170  17:31  Drone  
  170  17:32  Drone x5  
  170  17:34  Drone x5  
  173  17:41  Roach, Hydralisk x4  
  173  17:42  Hydralisk x9  
  193  17:48  Hydralisk x3  
  166  18:10  Corruptor x2  
  164  18:13  Hydralisk x4  
  146  18:36  Roach x9  
  160  18:45  Unknown x3  
  158  18:51  Roach  
  158  18:52  Roach x5  
  157  18:59  Roach x4  
  159  19:03  Roach x4  
  159  19:09  Infestor x3  
  165  19:17  Brood Lord x2  
  165  19:21  Roach x20  
  169  19:30  Corruptor x2  
  169  19:31  Extractor  
  172  19:33  Drone, Queen  
  172  19:37  Roach  
  175  19:44  Ravager x4  
  179  19:47  Drone x3  
  179  19:48  Drone, Extractor  
  182  19:54  Corruptor x2  
  186  20:00  Unknown x2  
  186  20:01  Unknown x2  
  185  20:07  Brood Lord  
  185  20:13  Drone x2  
  185  20:19  Spine Crawler x2  
  185  20:20  Spine Crawler  
  186  20:29  Brood Lord x2  
  186  20:32  Ravager  
  187  20:40  Spine Crawler  
  187  20:42  Spine Crawler  
  185  20:46  Unknown x8, Hatchery  
  185  20:47  Unknown  
  186  20:50  Brood Lord  
  186  20:57  Unknown x4  
  186  21:07  Corruptor  
  186  21:08  Corruptor  
  186  21:23  Overlord x3  
  186  21:24  Overseer  
  176  21:42  Brood Lord x2  
  176  21:43  Corruptor  
  176  21:44  Corruptor  
  176  21:45  Roach  
  182  22:02  Extractor  
  182  22:03  Extractor, Spine Crawler x2  
  182  22:05  Roach  
  182  22:07  Spine Crawler  
  177  22:09  Unknown x4  
  177  22:12  Unknown  
  177  22:13  Unknown  
  177  22:14  Roach  
  173  22:16  Corruptor x3  
  169  22:24  Brood Lord  
  169  22:29  Unknown x3  
  171  22:32  Unknown  
Tags
 
Add a new tag
Caveats
  • Supply blocks, unpowered buildings, or Contaminate may cause inaccurate times.
  • Supply counts are checked every 10 seconds.